 Dungeon Crawl Stone Soup version 0.26-a0-1107-g6118521029 (webtiles) character file.

Game seed: 7780554144328892661

157 tilp the Changer (level 5, -17/34 HPs)
             Began as an Octopode Transmuter on Dec 16, 2020.
             Demolished by an ogre
             ... wielding a +0 giant spiked club
              (24 damage)
             ... on level 4 of the Dungeon.
             The game lasted 00:04:42 (3891 turns).

tilp the Changer (Octopode Transmuter)              Turns: 3891, Time: 00:04:43

Health: -17/34     AC:  1    Str:  9    XL:     5   Next: 38%
Magic:  7/8        EV: 13    Int: 16    God:
Gold:   174        SH:  0    Dex: 13    Spells: 5/8 levels left

rFire    . . .     SeeInvis .     - Unarmed
rCold    . . .     Faith    .   (no shield)
rNeg     . . .     Spirit   .   (helmet currently unavailable)
rPois    .         Reflect  .   (no amulet)
rElec    .         Harm     .   (no ring)
rCorr    .         Rampage  .   (no ring)
Will     .....                  (no ring)
Stlth    +++.......             (no ring)
HPRegen  0.11/turn              (no ring)
MPRegen  0.11/turn              (no ring)
                                (no ring)
                                (no ring)

@: appendages
A: almost no armour, stealthy swim, amphibious, 8 rings, constrict 8, tentacle
spike 3, camouflage 1, gelatinous body 1
a: End Transformation


You were on level 4 of the Dungeon.
One of your tentacles had a temporary spike.
You visited 1 branch of the dungeon, and saw 4 of its levels.

You collected 174 gold pieces.

Inventory:

Missiles
 b - 108 stones
 e - 7 javelins (quivered)
Jewellery
 c - a +6 ring of strength {unknown}
 l - an uncursed ring of protection from cold {unknown}
 m - a +6 ring of dexterity
 o - an uncursed ring of poison resistance
Scrolls
 f - 2 scrolls of teleportation
 g - a scroll of enchant weapon {unknown}
 h - 4 scrolls of identify
 j - 2 scrolls of amnesia {unknown}
 k - a scroll of immolation {unknown}
 n - a scroll of enchant armour {unknown}
 p - a scroll of remove curse {unknown}
 r - a scroll of magic mapping {unknown}
Potions
 a - 2 potions of invisibility {unknown}
 d - a potion of cancellation
 i - 2 potions of curing
 q - a potion of degeneration {unknown}
 s - a potion of ambrosia {unknown}


   Skills:
 - Level 2.0 Fighting
 - Level 2.0 Dodging
 - Level 4.0 Stealth
 - Level 3.0 Unarmed Combat
 + Level 2.1 Spellcasting
 + Level 4.0 Transmutations


You had 5 spell levels left.
You knew the following spells:

 Your Spells              Type           Power        Failure   Level
a - Beastly Appendage     Tmut           ##....       3%          1
b - Wereblood             Tmut           ##......     6%          2

Your spell library contained the following spells:

 Spells                   Type           Power        Failure   Level
 Animate Skeleton         Necr           #.....       21%         1
 Pain                     Necr           #...         21%         1
 Spider Form              Tmut/Pois      #.........   26%         3
 Vampiric Draining        Necr           #.........   52%         3
 Ice Form                 Ice/Tmut       #.......     65%         4
 Blade Hands              Tmut           ##........   71%         5
 Animate Dead             Necr           #.........   90%         4
 Agony                    Necr           #.......     99%         5


Dungeon Overview and Level Annotations

Branches:
Dungeon (4/15)
 Temple: D:4-7

Altars:


Innate Abilities, Weirdness & Mutations

You cannot wear most types of armour.
You are very stealthy in the water. (Stealth+)
You are amphibious.
You can wear up to eight rings at the same time.
You can use your tentacles to constrict eight enemies at once.
Your skin changes colour to match your surroundings (Stealth+).
Your rubbery body absorbs attacks. (AC +1, EV +1)
One of your tentacles bears a large vicious spike.


Message History

Your tentacle spike disappears.
Casting: Beastly Appendage (safe; 3% risk of failure)
Confirm with . or Enter, or press ? or * to list all spells.
One of your tentacles grows a vicious spike.
The ogre completely misses you.
You tentacle-slap the ogre but do no damage.
Your tentacle spike misses the ogre.
The ogre is moderately wounded.
The ogre hits you with a +0 giant spiked club!
You tentacle-slap the ogre but do no damage.
The ogre is moderately wounded.
You tentacle-slap the ogre.
The ogre is moderately wounded.
The ogre hits you with a +0 giant spiked club!
* * * LOW HITPOINT WARNING * * *
You tentacle-slap the ogre.
Your tentacle spike misses the ogre.
The ogre is heavily wounded.
The ogre hits you with a +0 giant spiked club!!
Ouch! That really hurt!
You die...

#.######.###..##.#
#.######.# #..##.#
#........# #......
#.######## #.###.#
##.## ###.###.#
##...## ........#
#.#.#.#.###.####.###..
#...........# #.# ###
###.#@#.##### #.#####
##..O## ......
........?(.(.(. .#####
###############


You could see an ogre.

Vanquished Creatures
  A water moccasin skeleton (D:4)
  A gnoll (D:1)
  2 adders
  An ooze (D:1)
  2 dart slugs
  7 leopard geckos
  9 orcs
  3 giant cockroaches
  A goblin (D:1)
  10 hobgoblins
  2 jackals (D:2)
  8 bats
  A frilled lizard (D:2)
  3 kobolds
  9 rats
60 creatures vanquished.

Notes
Turn   | Place    | Note
-------+----------+-------------------------------------------
     0 | D:1      | tilp the Octopode Transmuter began the quest for the Orb.
     0 | D:1      | Reached XP level 1. HP: 13/13 MP: 3/3
   159 | D:1      | Reached XP level 2. HP: 7/18 MP: 5/5
   523 | D:1      | Learned a level 2 spell: Wereblood
   801 | D:1      | Reached XP level 3. HP: 23/23 MP: 6/6
  2046 | D:2      | Reached XP level 4. HP: 28/28 MP: 5/7
  2103 | D:3      | Reached skill level 1 in Stealth
  3624 | D:4      | Reached XP level 5. HP: 13/34 MP: 6/8
  3882 | D:4      | Noticed an ogre
  3891 | D:4      | Demolished by an ogre

Illustrated notes

Levels and vault maps discovered:
D:1:      dpeg_arrival_long_road, layout_basic
D:2:      layout_loops_ring
D:3:      layout_basic
D:4:      layout_loops_ring

Skill      XL: |  1  2  3  4 |
---------------+-------------+-----
Transmutations | 3 4 |  4.0
Stealth        | 4 |  4.0
Fighting       | 2 |  2.0
Dodging        | |  2.0
Unarmed Combat | |  3.0
Spellcasting   | |  2.1

Action                   |  1- 3 |  4- 6 || total
-------------------------+-------+-------++-------
Melee: Unarmed           |    64 |    59 ||   123
       Kick              |    20 |    13 ||    33
       Tentacles         |     7 |    14 ||    21
       Constrict         |    17 |    20 ||    37
Throw: Javelin           |     2 |     8 ||    10
       Stone             |     7 |     9 ||    16
 Cast: Beastly Appendage |    23 |    19 ||    42
       Wereblood         |     1 |     1 ||     2
  Use: Scroll            |       |     3 ||     3
 Stab: Sleeping          |     3 |     7 ||    10
Armor: Skin              |     1 |       ||     1
Dodge: Dodged            |    35 |    30 ||    65

Table legend: (Time is in decaauts)
 A = Elapsed time spent in this place.
 B = Non-inter-level travel time spent in this place.
 C = Inter-level travel time spent in this place.
 D = Time resting spent in this place.
 E = Time spent auto-exploring this place.
 F = Levels seen in this place.
 G = Mean time per level.
                   A        B        C        D        E       F      G
               +--------+--------+--------+--------+--------+-----+--------+
         Total |   3889 |   3764 |    125 |    985 |   2359 |   4 |  972.2 |
       Dungeon |   3889 |   3764 |    125 |    985 |   2359 |   4 |  972.2 |
               +--------+--------+--------+--------+--------+-----+--------+

Top non-repeatable levels by time:
     D:1: 1276 daAuts
     D:3: 1133 daAuts
     D:2: 809 daAuts
     D:4: 669 daAuts
